 Seeded DCSS version 0.31-a0-1300-gb6740aa4e6 (webtiles) character file.

Game seed: 8018214043561645488 (custom seed)

3887 Iich the Cleaver (level 10, 0/80 HPs)
             Began as a Demonspawn Fighter on Dec 18, 2023.
             Was an Initiate of Gozag.
             Killed from afar by a steam dragon (22 damage)
             ... with a ball of steam
             ... on level 8 of the Dungeon.
             The game lasted 00:11:06 (7663 turns).

Iich the Cleaver (Demonspawn Fighter)               Turns: 7663, Time: 00:11:07

Health: 0/80       AC: 11    Str: 24    XL:     10   Next: 0%
Magic:  10/10      EV: 19    Int:  9    God:    Gozag
Gold:   710        SH:  5    Dex: 15    Spells: 9/9 levels left

rFire   . . .        u - +2 war axe (freeze)
rCold   . . .        c - +0 buckler
rNeg    . . .        m - +4 ring mail
rPois   .            (helmet restricted)
rElec   .            k - +1 cloak
rCorr   .            (no gloves)
SInv    .            (no boots)
Will    .....        (no amulet)
Stlth   +            f - +5 ring of evasion
HPRegen 0.33/turn    i - +6 ring of strength
MPRegen 0.12/turn

%: no passive effects
@: lethally poisoned (0 -> -3), slowed, very slow
A: horns 1, powered by pain 1, sturdy frame 2, demonic magic 1
a: Renounce Religion, Potion Petition, Call Merchant, Bribe Branch


You were on level 8 of the Dungeon.
You worshipped Gozag.
Gozag was pleased with you.
You visited 2 branches of the dungeon, and saw 9 of its levels.

You collected 777 gold pieces.
You paid 67 gold pieces to Gozag.

Inventory:

Hand Weapons
 u - a +2 war axe of freezing (weapon)
Missiles
 v - a throwing net (quivered)
Armour
 c - a +0 buckler (worn)
 k - a +1 cloak (worn)
 m - a +4 ring mail (worn)
 n - a scarf of harm
 r - a +0 chain mail
Jewellery
 b - a +4 ring of protection
 f - a +5 ring of evasion (left hand)
 i - a +6 ring of strength (right hand)
 A - a +4 ring of protection
 G - a ring of flight
Wands
 o - a wand of paralysis (35)
 E - a wand of polymorph (12)
Scrolls
 a - a scroll of poison
 e - a scroll of noise
 g - 2 scrolls of fear
 j - 3 scrolls of fog
 p - a scroll of enchant weapon
 t - a scroll of teleportation
 w - a scroll of vulnerability {unknown}
 x - a scroll of amnesia
 y - a scroll of immolation {unknown}
 B - 2 scrolls of blinking
 F - a scroll of summoning {unknown}
Potions
 d - a potion of might
 h - 2 potions of haste
 q - a potion of curing
 s - a potion of cancellation
 z - a potion of attraction
 C - a potion of mutation {unknown}
 D - a potion of invisibility {unknown}


   Skills:
 + Level 7.8 Fighting
 * Level 9.5 Axes
 - Level 2.6 Armour
 + Level 6.4 Dodging
 - Level 2.6 Shields


You had 9 spell levels left.
You didn't know any spells.
Your spell library contained the following spells:

 Spells                   Type           Power      Damage    Failure   Level
 Necrotise                Necr           0%         1d4       47%         1
 Scorch                   Fire           0%         2d5       63%         2
 Hailstorm                Conj/Ice       0%         3d5       85%         3
 Vampiric Draining        Necr           0%         2d6       85%         3
 Flame Wave               Conj/Fire      0%         2d4       99%         4
 Summon Ice Beast         Ice/Summ       0%         N/A       99%         4
 Agony                    Necr           0%         N/A       100%        5
 Summon Cactus Giant      Summ           0%         N/A       100%        6
 Simulacrum               Ice/Necr       Unusable   N/A       N/A         6

Dungeon Overview and Level Annotations

Branches:
Dungeon (8/15)             Temple (1/1) D:4
   Lair: D:8-11

Altars:
Ashenzari
Cheibriados
Dithmenos
Fedhas
Gozag
Hepliaklqana
Makhleb
Nemelex Xobeh
Okawaru
Qazlal
Ru
Sif Muna
Trog
Uskayaw
Vehumet
Wu Jian
Xom
Yredelemnul

Shops:
D:1 (   D:8 [

Annotations:
D:2 Sigmund
D:8 1 runed translucent door


Innate Abilities, Weirdness & Mutations

You have a pair of small horns on your head.
You sometimes gain a little power by taking damage.
Your movements are less encumbered by armour. (ER -4)
Spells you cast may paralyse adjacent enemies.


Message History

* * * LOW HITPOINT WARNING * * *
You are poisoned.
You feel as though you will be slow longer.
You take 7 damage, and have 34/80 hp.
You feel much better.
You feel very sick. The hornet closely misses you.
The steam dragon breathes steam at you. The ball of steam hits you!
* * * LOW HITPOINT WARNING * * *
The kobold brigand hits you but does no damage.
You block the hornet's attack. The steam dragon barely misses you.
The steam dragon completely misses you.
You regained 8 hp, and now have 42/80 hp.
You barely miss the hornet.
The hornet is heavily wounded.
You hit the steam dragon. You freeze the steam dragon.
You hit the kobold brigand. You freeze the kobold brigand.
You are engulfed in a cloud of scalding steam.
* * * LOW HITPOINT WARNING * * *
You feel very sick. The hornet completely misses you.
You block the kobold brigand's attack. The hornet barely misses you.
The steam dragon bites you.
* * * LOW HITPOINT WARNING * * *
The steam dragon claws you but does no damage.
The kobold brigand hits you with a +3 dagger!
* * * LOW HITPOINT WARNING * * *
You take 18 damage, and have 24/80 hp. !!!!--MASSIVE DAMAGE--!!!!
Unknown command.
You hit the hornet. You freeze the hornet. Your headbutt misses the hornet.
The hornet is heavily wounded.
You hit the kobold brigand. You freeze the kobold brigand.
You hit the steam dragon but do no damage.
You are engulfed in a cloud of scalding steam.
You feel very sick. The hornet completely misses you.
The hornet barely misses you. The steam dragon breathes steam at you.
The ball of steam hits you!!
You die...
Your body crumbles into a pile of gold. ###.#.#######.### ...###.......<..# .### #####.#.##### .# #...###...## ## ######.....## # #.......# # .DS

#.......##### #....
#...D...#...## #....
#$.y@.##....## ...D
...'#$K.###.###.#######
..# . ##$####.#
#.......# .#
##$.##.'####.#####.# #
#..##..)#...## #.#
##.##...###.## #.#
##......##.#.# #.# ##
##......###...# #.#
#}(#.......# ###.# #.#


You could see a hornet, a steam dragon (catching breath) and a kobold brigand.

Vanquished Creatures
  A slime creature (D:8)
  Eustachio (D:6)
  7 yaks (D:8)
  2 water moccasins (D:8)
  4 ice beasts
  An orc warrior (D:8)
  A sky beast (D:8)
  3 black bears
  An ogre (D:6)
  A centaur (D:7)
  2 phantoms (D:4)
  2 bullfrogs (D:8)
  3 scorpions
  4 wights (D:8)
  2 howler monkeys
  3 jellies
  2 hounds (D:5)
  3 orc priests
  Crazy Yiuf (D:4)
  A sleepcap (D:5)
  3 iguanas
  3 orc wizards
  Robin (D:2)
  8 adders
  2 shadow imps
  4 white imps
  2 worms
  2 dart slugs
  19 orcs
  2 bats
  7 endoplasms
  5 giant cockroaches
  14 goblins
  6 hobgoblins
  6 jackals
  4 kobolds
  2 quokkas
  7 ball pythons
  2 frilled lizards
  3 rats
147 creatures vanquished.

Notes
Turn   | Place    | Note
-------+----------+-------------------------------------------
     0 | D:1      | Iich the Demonspawn Fighter began the quest for the Orb.
     0 | D:1      | Reached XP level 1. HP: 18/18 MP: 1/1
    15 | D:1      | Found a faded altar of an unknown god.
    43 | D:1      | Reached skill level 2 in Axes
    68 | D:1      | Found Kidius's Antique Weapon Shoppe.
   202 | D:1      | Gained mutation: You sometimes gain a little power by
                  | taking damage. [demonic ancestry]
   202 | D:1      | Reached XP level 2. HP: 24/24 MP: 2/2
   586 | D:2      | Noticed Sigmund
   783 | D:2      | Reached skill level 1 in Dodging
   805 | D:2      | Reached XP level 3. HP: 29/29 MP: 3/3
   868 | D:2      | Noticed Robin
   897 | D:2      | Killed Robin
  1019 | D:2      | Reached skill level 3 in Axes
  1123 | D:2      | Gained mutation: You have a pair of small horns on your
                  | head. [demonic ancestry]
  1123 | D:2      | Reached XP level 4. HP: 35/35 MP: 4/4
  1768 | D:3      | Noticed a scorpion
  1787 | D:3      | Killed a scorpion
  1788 | D:3      | Reached XP level 5. HP: 42/42 MP: 5/5
  1958 | D:3      | Reached skill level 4 in Axes
  2766 | D:4      | Found a runed translucent door.
  2767 | D:4      | Noticed Crazy Yiuf
  2808 | D:4      | Noticed a phantom
  2825 | D:4      | Killed a phantom
  2826 | D:4      | Gained mutation: Your movements are slightly less
                  | encumbered by armour. (ER -2) [demonic ancestry]
  2826 | D:4      | Reached XP level 6. HP: 42/49 MP: 6/6
  2969 | D:4      | Found a staircase to the Ecumenical Temple.
  3139 | D:4      | Reached skill level 5 in Axes
  3139 | D:4      | Reached XP level 7. HP: 55/55 MP: 7/7
  3737 | D:4      | Killed Crazy Yiuf
  3764 | D:5      | Entered Level 5 of the Dungeon
  3880 | D:5      | Reached skill level 5 in Fighting
  4371 | Temple   | Entered the Ecumenical Temple
  4447 | Temple   | Became a worshipper of Gozag Ym Sagoz the Greedy
  4634 | D:5      | Found a sacrificial altar of Ru.
  4651 | D:6      | Noticed Eustachio
  4693 | D:6      | Killed Eustachio
  4694 | D:6      | Reached skill level 6 in Axes
  4694 | D:6      | Gained mutation: Spells you cast may paralyse adjacent
                  | enemies. [demonic ancestry]
  4694 | D:6      | Reached XP level 8. HP: 57/63 MP: 8/8
  5278 | D:6      | Reached skill level 7 in Axes
  6141 | D:7      | Reached skill level 5 in Dodging
  6436 | D:7      | Found a bloodstained altar of Trog.
  6446 | D:7      | Found a snail-covered altar of Cheibriados.
  6660 | D:8      | Found a runed translucent door.
  6663 | D:8      | Noticed a troll
  6820 | D:8      | Gained mutation: Your movements are less encumbered by
                  | armour. (ER -4) [demonic ancestry]
  6820 | D:8      | Reached XP level 9. HP: 63/71 MP: 9/9
  6900 | D:8      | Reached skill level 8 in Axes
  7015 | D:8      | Found a runed translucent door.
  7039 | D:8      | Found Fiwnit's Antique Armour Shoppe.
  7526 | D:8      | a troll changed into an ice beast
  7536 | D:8      | Reached skill level 9 in Axes
  7652 | D:8      | Reached XP level 10. HP: 74/80 MP: 10/10
  7656 | D:8      | Paralysed by a hornet for 3 turns
  7663 | D:8      | Killed from afar by a steam dragon

Illustrated notes

Levels and vault maps discovered:
D:1:      amcnicky_arrival_blooded_trapdoor, layout_basic,
          basic_ecumenical_altar, serial_shops, nicolae_lakefront_shop
D:2:      layout_loops_ring, uniq_sigmund, uniq_robin
D:3:      layout_loops_corners
D:4:      layout_basic, minmay_temple_entry_from_below_a,
          uniq_crazy_yiuf_cottage
D:5:      nicolae_cairo_tiling_very_big, layout_loops_ring,
          nicolae_ru_path_of_blood
D:6:      layout_layer_cave, uniq_eustachio
D:7:      layout_loops_ring, mainiacjoe_overflow_swirl
D:8:      cheibrodos_histonic, layout_loops_ring, serial_shops,
          nicolae_shop_trees
Temple:   minmay_temple_bridge_d

Skill      XL: |  1  2  3  4  5  6  7  8  9 |
---------------+----------------------------+-----
Axes           | 2 3 4 5 6 7 9 |  9.5
Dodging        | 1 2 3 5 6 |  6.4
Fighting       | 4 5 6 7 |  7.8
Armour         | |  2.6
Shields        | |  2.6

Action                     |  1- 3 |  4- 6 |  7- 9 | 10-12 || total
---------------------------+-------+-------+-------+-------++-------
  Melee: War axe           |    80 |   155 |   270 |     6 ||   511
         Headbutt          |       |    18 |    44 |     2 ||    64
  Evoke: Wand              |       |       |     1 |       ||     1
    Use: Scroll            |     3 |     3 |     4 |       ||    10
         Potion            |     1 |     3 |     3 |     2 ||     9
   Stab: Distracted        |       |       |     1 |       ||     1
 Armour: Scale mail        |    34 |     7 |       |       ||    41
         Ring mail         |       |    64 |   112 |    23 ||   199
  Dodge: Dodged            |    51 |   108 |   231 |    17 ||   407
  Block: Buckler           |    15 |    42 |    45 |     3 ||   105

Table legend: (Time is in decaauts)
 A = Elapsed time spent in this place.
 B = Non-inter-level travel time spent in this place.
 C = Inter-level travel time spent in this place.
 D = Time resting spent in this place.
 E = Time spent auto-exploring this place.
 F = Levels seen in this place.
 G = Mean time per level.
                   A        B        C        D        E       F      G
               +--------+--------+--------+--------+--------+-----+--------+
         Total |   7766 |   7359 |    407 |    178 |   5725 |   9 |  862.9 |
       Dungeon |   7609 |   7334 |    275 |    178 |   5725 |   8 |  951.1 |
        Temple |    156 |     24 |    132 |      0 |      0 |   1 |  156.0 |
               +--------+--------+--------+--------+--------+-----+--------+

Top non-repeatable levels by time:
     D:6: 1277 daAuts
     D:8: 1121 daAuts
     D:3: 1095 daAuts
     D:4: 1040 daAuts
     D:2: 998 daAuts
     D:5: 722 daAuts
     D:1: 711 daAuts
     D:7: 643 daAuts
  Temple: 156 daAuts
